AoeStats
← ITA | MarknighT

Arabia

506828463Analyzed
1v1 RM · 18d ago on Sep 15, 2026· 53m 46s· 2 players
Game mode
Random Map
Map size
Tiny (2 player)
Population
200
Speed
Normal
Resources
Standard
Victory
Conquest
Starting age
Dark Age
Ending age
Imperial Age
RankedLock teamsTeams togetherTeam positionsShared explorationLock speedFull tech treeHidden civsTurbo modeCheats
Victory
Defeat
🇩🇰 Mongols · Denmark
1873
+19
🇮🇹 Khmer · Italy
1942
-19
elbanovic
5:50 Loom
7:54 Feudal Age
8:56 Double-Bit Axe
18:41 Castle Age
16:25 Horse Collar
16:58 Gold Mining
18:00 Bloodlines
18:19 Scale Barding Armor
18:59 Forging
23:57 Chain Barding Armor
35:46 Bow Saw
36:45 Wheelbarrow
37:21 Husbandry
39:09 Iron Casting
39:06 Town Watch
42:23 Devotion
43:12 Hand Cart
44:57 Fletching
48:32 Imperial Age
46:35 Bodkin Arrow
48:05 Padded Archer Armor
49:19 Bracer
50:44 Light Cavalry
52:50 Blast Furnace
52:39 Cavalier
ITA | MarknighT
5:13 Loom
8:05 Feudal Age
8:36 Double-Bit Axe
16:44 Fletching
21:47 Castle Age
20:16 Gold Mining
20:11 Horse Collar
22:05 Crossbowman
22:46 Bodkin Arrow
27:42 Scale Barding Armor
27:50 Light Cavalry
29:14 Bloodlines
40:55 Scale Mail Armor
41:37 Pikeman
43:09 Chain Mail Armor
48:04 Bow Saw
Connection lost

Rejoining the realm…

Still unreachable

The connection could not be restored.

Session expired

The server has moved on; the page needs a fresh start.